 Dungeon Crawl Stone Soup version 0.30-a0-808-g6e0788376e (webtiles) character file.

Game seed: 12263692197833639626

3728 limecruiser the Covert (level 9, -6/40 HPs)
             Began as a Felid Berserker on Feb 25, 2023.
             Was a Priest of Trog.
             Killed by an exploding orc (43 damage)
             ... ignited by their inner flame
             ... on level 1 of the Orcish Mines.
             The game lasted 01:10:32 (13904 turns).

limecruiser the Covert (Felid Berserker)           Turns: 13904, Time: 01:10:32

Health: -6/40      AC:  2    Str: 13    XL:     9   Next: 92%
Magic:  0/10       EV: 27    Int:  9    God:    Trog [***...]
Gold:   843        SH:  0    Dex: 26    Spells: 8/8 levels left
                                        Lives:  0   Deaths: 3

rFire   . . .      SeeInvis +      - Unarmed
rCold   . . .      Faith    .    (shield unavailable)
rNeg    . . .      Spirit   +    (body armour unavailable)
rPois   .          Reflect  .    (helmet unavailable)
rElec   .          Harm     .    (cloak unavailable)
rCorr   .          Rampage  .    (gloves unavailable)
Will    +....                    (boots unavailable)
Stlth   ++++++                   r - amulet of guardian spirit
HPRegen 0.26/turn                I - +6 ring of dexterity
MPRegen 0.12/turn                (no ring)

@: on berserk cooldown, hasted and slowed, quick
A: very small, claws 1, fangs 3, see invisible, speed 1, shaggy fur 2, stealthy
paws, no weapons or thrown items, no armour, multi-lived
a: Renounce Religion, Berserk, Trog's Hand


You were on level 1 of the Orcish Mines.
You worshipped Trog.
Trog was most pleased with you.
You visited 4 branches of the dungeon, and saw 15 of its levels.

You collected 843 gold pieces.

Inventory:

Jewellery
 i - an amulet of magic regeneration
 r - an amulet of guardian spirit (around neck)
 A - an amulet of faith
 C - a ring of fire
 D - a ring of ice
 I - a +6 ring of dexterity (left paw)
Wands
 j - a wand of flame (35)
 p - a wand of iceblast (20)
 y - a wand of charming (9)
 B - a wand of polymorph (6)
Scrolls
 b - a scroll of immolation
 c - a scroll of magic mapping
 e - 3 scrolls of teleportation
 l - 2 scrolls of poison
 m - 2 scrolls of noise
 n - a scroll of enchant armour
 o - a scroll of brand weapon
 s - a scroll of amnesia {unknown}
 u - a scroll of enchant weapon
 v - a scroll of summoning {unknown}
 F - a scroll of torment {unknown}
 G - a scroll of vulnerability {unknown}
Potions
 a - 3 potions of magic
 d - a potion of brilliance
 f - 2 potions of curing
 k - a potion of cancellation {unknown}
 q - 2 potions of mutation
 t - 5 potions of degeneration
 w - 2 potions of ambrosia {unknown}
 x - a potion of berserk rage
 z - 2 potions of lignification
 E - a potion of attraction
 H - a potion of might
 K - a potion of invisibility {unknown}


   Skills:
 + Level 5.0 Fighting
 + Level 9.5 Dodging
 * Level 14.6 Stealth
 + Level 11.9 Unarmed Combat


You had 8 spell levels left.
You didn't know any spells.
Your spell library was empty.

Dungeon Overview and Level Annotations

Branches:
Dungeon (12/15)            Temple (1/1) D:4            Lair (1/5) D:10
    Orc (1/2) D:10

Altars:
Ashenzari
Cheibriados
Dithmenos
Elyvilon
Fedhas
Gozag
Hepliaklqana
Kikubaaqudgha
Makhleb
Nemelex Xobeh
Okawaru
Qazlal
Ru
Sif Muna
Trog
Uskayaw
Wu Jian
Xom
Yredelemnul
Zin
The Shining One

Shops:
D:12 [

Portals:
Trove: D:10 (give 13 scrolls of teleportation)

Annotations:
D:6 3 runed translucent doors, oldplebian's ghost, novice MiWn
D:8 exclusions: troll and two-headed ogre
D:12 3 runed translucent doors


Innate Abilities, Weirdness & Mutations

You have sharp claws.
You have razor-sharp teeth.
You have supernaturally acute eyesight. (SInv)
You cover ground quickly. (Speed+)
You are covered in thick fur. (AC +2)
Your paws help you pounce on unaware monsters.
You are incapable of wielding weapons or throwing items.
You cannot wear armour.
You gain extra lives every three experience levels.


Message History

The orc warrior is lightly wounded.
You closely miss the orc warrior.
The orc warrior is lightly wounded.
The orc warrior misses you.
A red film seems to cover your vision as you go berserk!
You feel yourself moving faster!
You feel mighty! The orc warrior completely misses you.
You claw the orc warrior! You bite the orc warrior!
You kill the orc warrior!
Trog accepts your kill. The orc completely misses you. The orc misses you.
Things that are here:
a +1 broad axe of freezing; a +0 plate armour of cold resistance; an orc corpse You feel a strong urge to attack something.
The orc completely misses you. The orc misses you.
The orc warlord roars a battlecry!
Things that are here:
a +1 broad axe of freezing; a +0 plate armour of cold resistance; an orc corpse You feel your anger nearly subside.
You are no longer berserk.
You are exhausted.
You feel yourself slow down.
Your skin stops crawling.
You feel less strong-willed.
You claw the orc!
You kill the orc!
Trog accepts your kill.
The orc warlord roars a battlecry!
The orc warrior no longer looks unusually strong.
The orc warlord roars a battlecry!
The orc warrior goes into a battle-frenzy!
The orc no longer looks unusually strong.
The orc hits you with a +0 club.
You claw the orc! Trog accepts your kill.
The orc explodes!
The fiery explosion engulfs the orc warlord!!
The orc warlord is heavily wounded.
The fiery explosion engulfs you!!!
Ouch! That really hurt!
You die... oo

...........## .o
............
o.##..........##
...............##
O.........#.....##
....o.....##.....# ##
....o.....#.)....##.##
....o......).........#
.#......#...).##@§#.##
##...#......oo##§§.##
#....##.....oo)o.§..#
##....###....o##...##
#...## #....#######
#...# .....## ##.##
.#...# #.# ##.## #.#


You could see an orc warlord.

Vanquished Creatures
  2 two-headed ogres
  4 cyclopes (D:12)
  A troll (Orc:1)
  A hornet (D:9)
  3 vampire mosquitoes (D:10)
  A steam dragon (D:6)
  Menkaure (D:6)
  An acid dragon (D:6)
  6 orc warriors
  An ice beast (D:6)
  2 black bears
  3 wolves (Lair:1)
  4 ogres
  2 centaurs
  A phantom (D:5)
  4 kobold brigands
  Blork the orc (D:6)
  3 bullfrogs (D:10)
  A necrophage (D:5)
  A gnoll sergeant (D:10)
  3 scorpions
  5 wights (D:10)
  5 killer bees (D:9)
  An electric eel (Lair:1)
  2 howler monkeys (D:9)
  2 lava snakes (Lair:1)
  5 jellies
  3 hounds
  A gnoll bouda (D:9)
  11 orc priests
  3 iguanas
  Jessica (D:1)
  Natasha (thrice) (D:2)
  17 orc wizards
  11 adders
  15 gnolls
  2 ufetubi (D:6)
  A worm (D:5)
  6 dart slugs
  65 orcs
  4 ball pythons (D:3)
  4 bats
  6 endoplasms
  4 giant cockroaches
  11 hobgoblins
  A jackal (D:5)
  5 quokkas
  3 frilled lizards
  13 goblins
  31 kobolds
  4 rats
291 creatures vanquished.

Vanquished Creatures (others)
  3 fungi (D:10)
  2 plants (D:5)
5 creatures vanquished.

Grand Total: 296 creatures vanquished

Notes
Turn   | Place    | Note
-------+----------+-------------------------------------------
     0 | D:1      | limecruiser the Felid Berserker began the quest for the
                  | Orb.
     0 | D:1      | Reached XP level 1. HP: 10/10 MP: 2/2
   466 | D:1      | Reached XP level 2. HP: 14/14 MP: 3/3
   531 | D:1      | Reached skill level 1 in Stealth
   778 | D:2      | Noticed Natasha
  1004 | D:2      | Reached XP level 3. HP: 16/17 MP: 4/4
  1023 | D:2      | Noticed Jessica
  1042 | D:1      | Killed Jessica
  1242 | D:2      | Reached skill level 2 in Stealth
  1361 | D:2      | Reached XP level 4. HP: 21/21 MP: 5/5
  1431 | D:2      | Killed Natasha
  1594 | D:2      | Noticed Natasha
  1604 | D:2      | Killed Natasha
  1674 | D:2      | Noticed Natasha
  1685 | D:2      | Killed Natasha
  1686 | D:2      | Reached skill level 5 in Dodging
  1686 | D:2      | Reached skill level 3 in Stealth
  1686 | D:2      | Reached XP level 5. HP: 24/24 MP: 6/6
  1712 | D:3      | Reached ** piety under Trog
  2253 | D:4      | Found a broken altar of Ashenzari.
  2267 | D:4      | Found an iron altar of Okawaru.
  2277 | D:4      | Found an opulent altar of Gozag.
  2277 | D:4      | Found a blossoming altar of Fedhas.
  2291 | D:4      | Found a staircase to the Ecumenical Temple.
  2312 | D:4      | Reached skill level 4 in Stealth
  2443 | D:4      | Reached skill level 5 in Unarmed Combat
  2443 | D:4      | Gained mutation: You are covered in thick fur. (AC +2)
                  | [Felid growth]
  2443 | D:4      | Reached XP level 6. HP: 16/28 MP: 7/7
  2596 | Temple   | Entered the Ecumenical Temple
  2705 | D:4      | Found a snail-covered altar of Cheibriados.
  3259 | D:4      | Found a hide-covered altar of Uskayaw.
  3500 | D:5      | Entered Level 5 of the Dungeon
  3550 | D:5      | Reached skill level 5 in Stealth
  3550 | D:5      | Reached XP level 7. HP: 24/31 MP: 8/8
  3752 | D:5      | Reached *** piety under Trog
  3804 | D:5      | Reached skill level 6 in Stealth
  4015 | D:5      | Identified the +0 leather armour "Suurr" {Str+3}
  4397 | D:5      | Reached XP level 8. HP: 33/36 MP: 9/9
  4641 | D:5      | Reached skill level 7 in Stealth
  5044 | D:6      | Noticed oldplebian's ghost (novice MiWn)
  5044 | D:6      | Found a runed translucent gate.
  5044 | D:6      | Found a runed translucent gate.
  5044 | D:6      | Found a runed translucent gate.
  5045 | D:6      | Noticed a kobold demonologist
  5062 | D:6      | Reached skill level 8 in Stealth
  5189 | D:6      | Reached skill level 9 in Stealth
  5390 | D:6      | Noticed Blork the orc
  5405 | D:6      | Killed Blork the orc
  5875 | D:6      | Reached skill level 10 in Stealth
  5930 | D:6      | Found a basalt altar of Yredelemnul.
  5930 | D:6      | Noticed Menkaure
  5940 | D:6      | Killed Menkaure
  5941 | D:6      | Reached XP level 9. HP: 36/39 MP: 4/10
  6095 | D:6      | Found a white marble altar of Elyvilon.
  6696 | D:8      | Reached **** piety under Trog
  6812 | D:8      | Found a shimmering blue altar of Sif Muna.
  6812 | D:8      | Found a sparkling altar of Nemelex Xobeh.
  7125 | D:8      | Noticed a troll
  7637 | D:8      | Reached skill level 11 in Stealth
  7645 | D:8      | Slain by an orc warrior
  7646 | D:8      | Reached XP level 8. HP: 0/36 MP: 0/9
  7650 | D:8      | Noticed a two-headed ogre
  8309 | D:9      | Noticed a hornet
  8320 | D:9      | Killed a hornet
  8628 | D:9      | Reached XP level 9. HP: 13/39 MP: 3/10
  9971 | D:10     | Entered Level 10 of the Dungeon
  9986 | D:9      | Reached skill level 10 in Unarmed Combat
 10402 | D:10     | Noticed a two-headed ogre
 10452 | D:10     | Slain by a wight
 10453 | D:10     | Reached XP level 8. HP: -5/45 MP: 0/9
 10453 | D:10     | Noticed a troll
 10459 | D:10     | Found an ancient bone altar of Kikubaaqudgha.
 10812 | D:10     | Noticed a two-headed ogre
 10848 | D:10     | Reached skill level 12 in Stealth
 10848 | D:10     | Reached XP level 9. HP: 34/39 MP: 7/10
 10878 | D:10     | Found a staircase to the Lair.
 10884 | Lair:1   | Entered Level 1 of the Lair of Beasts
 11405 | Lair:1   | Noticed a black mamba
 11833 | D:11     | Noticed a troll
 12079 | D:11     | Noticed a cyclops
 12227 | D:12     | Found a runed translucent gate.
 12228 | D:12     | Noticed a spectral wolf spider
 12235 | D:12     | Found a runed translucent gate.
 12235 | D:12     | Found a runed translucent gate.
 12238 | D:12     | Noticed a spectral wolf spider
 12238 | D:12     | Noticed a spectral wolf spider
 12238 | D:12     | Noticed a cyclops
 12477 | D:12     | Noticed a two-headed ogre
 12481 | D:12     | a two-headed ogre changed into a glowing shapeshifter
 12481 | D:12     | Noticed a glowing shapeshifter
 12482 | D:12     | a glowing shapeshifter changed into a cyclops
 12482 | D:12     | Noticed a cyclops (glowing shapeshifter)
 12489 | D:12     | a cyclops changed into a sea snake
 12489 | D:12     | Noticed a sea snake (glowing shapeshifter)
 12682 | D:12     | Found Yfuq's Armour Emporium.
 12688 | D:12     | Noticed a cyclops
 12732 | D:12     | Noticed a two-headed ogre
 12733 | D:12     | Noticed a cyclops
 12737 | D:12     | Killed a two-headed ogre
 12744 | D:12     | Killed a cyclops
 12745 | D:12     | Reached skill level 13 in Stealth
 13086 | D:12     | Noticed a cyclops
 13093 | D:12     | Killed a cyclops
 13094 | D:12     | Reached XP level 10. HP: 43/43 MP: 11/11
 13100 | D:12     | Noticed a black mamba
 13101 | D:12     | a black mamba changed into a tarantella
 13104 | D:12     | a tarantella changed into a lindwurm
 13104 | D:12     | Noticed a lindwurm (glowing shapeshifter)
 13107 | D:12     | a lindwurm changed into a komodo dragon
 13120 | D:12     | Noticed a swamp dragon
 13147 | D:12     | Noticed a cyclops
 13150 | D:12     | Killed a cyclops
 13193 | D:12     | Killed a cyclops
 13194 | D:12     | Reached skill level 14 in Stealth
 13375 | D:10     | Found a staircase to the Orcish Mines.
 13412 | D:10     | Slain by a vampire mosquito
 13413 | D:10     | Reached XP level 9. HP: 0/40 MP: 0/10
 13457 | D:10     | Found a portal to a secret trove of treasure.
 13761 | D:10     | Killed a two-headed ogre
 13791 | Orc:1    | Entered Level 1 of the Orcish Mines
 13832 | Orc:1    | Noticed an orc knight
 13853 | Orc:1    | Noticed an orc high priest
 13853 | Orc:1    | Noticed a troll
 13857 | Orc:1    | Noticed an orc warlord
 13857 | Orc:1    | Noticed a troll
 13875 | Orc:1    | Killed a troll
 13876 | Orc:1    | Reached skill level 5 in Fighting
 13904 | Orc:1    | Killed by an exploding orc... ignited by their inner flame

Illustrated notes

Levels and vault maps discovered:
D:1:      ncdulo_halloftheorcs, layout_loops_ring, serial_bayou_crossing
D:2:      layout_rooms, minmay_pentomino_s2, uniq_jessica, uniq_natasha,
          uniq_crazy_yiuf_cottage
D:3:      layout_rooms, kennysheep_cross_room, dk_noncrumbling_2,
          chequers_serial_rivers_micro_d
D:4:      layout_loops_cross, nicolae_uskayaw_dance_hall,
          nicolae_overflow_hidden_temple,
          chequers_temple_overflow_statue_of_worship,
          minmay_temple_entry_sparse_star
D:5:      corexii_shantytown, layout_loops_ring, minmay_circle_x
D:6:      layout_basic, kennysheep_ying_yang, gammafunk_ghost_nasty_kobolds,
          uniq_menkaure, uniq_blork_the_orc
D:7:      old_forge, layout_layer_cave, gammafunk_ghost_abyssal_escape
D:8:      layout_layer_cave, mainiacjoe_overflow_divided_tiny
D:9:      layout_loops_corners
D:10:     layout_long_grid, mainiacjoe_overflow_cross_hatched,
          grunt_lair_entry_orc_guard_hut, david_orc_2,
          nicolae_trove_entry_isolated, minmay_misc_feat_pillars
D:11:     layout_loops_ring, uniq_amaemon
D:12:     layout_roguey, gammafunk_ghost_necromancy, serial_shops,
          nicolae_stop_n_shop_1, tgw_xom
Temple:   chequers_temple_sunken
Lair:1:   layout_cave_shapes, gauntlet_entry_generic,
          chequers_serial_rivers_room_b, nicolae_lair_liquid_snakes,
          grunt_megastairs_4
Orc:1:    layout_caves, biasface_ghost_orc_armoury, mines2_lemuel

Skill      XL: |  1  2  3  4  5  6  7  8  9 10 |
---------------+-------------------------------+-----
Stealth        | 1 2 3 4 5 6 12 13 14 | 14.6
Unarmed Combat | 4 5 7 9 11 | 11.9
Dodging        | 5 6 7 9 |  9.5
Fighting       | 4 5 |  5.0

Action                     |  1- 3 |  4- 6 |  7- 9 | 10-12 || total
---------------------------+-------+-------+-------+-------++-------
  Melee: Unarmed           |    65 |   163 |   605 |     9 ||   842
         Bite              |     4 |    21 |    76 |       ||   101
         Punch             |       |     7 |    34 |       ||    41
 Invoke: Berserk           |     2 |     5 |    14 |     1 ||    22
         Trog's Hand       |       |     3 |    21 |     1 ||    25
         Brothers in Arms  |       |       |     1 |       ||     1
  Evoke: Wand              |       |       |     3 |       ||     3
    Use: Scroll            |     3 |     3 |    17 |     2 ||    25
         Potion            |       |       |     8 |     2 ||    10
   Stab: Sleeping          |     4 |     3 |    33 |     2 ||    42
         Distracted        |       |     1 |     3 |       ||     4
 Armour: Skin              |     3 |     5 |    17 |     1 ||    26
  Dodge: Dodged            |    49 |   126 |   568 |    29 ||   772

Table legend: (Time is in decaauts)
 A = Elapsed time spent in this place.
 B = Non-inter-level travel time spent in this place.
 C = Inter-level travel time spent in this place.
 D = Time resting spent in this place.
 E = Time spent auto-exploring this place.
 F = Levels seen in this place.
 G = Mean time per level.
                   A        B        C        D        E       F      G
               +--------+--------+--------+--------+--------+-----+--------+
         Total |  12444 |  12164 |    280 |   4737 |   4554 |  15 |  829.6 |
       Dungeon |  11784 |  11537 |    247 |   4485 |   4394 |  12 |  982.0 |
        Temple |     54 |     54 |      0 |      0 |     20 |   1 |   54.0 |
          Lair |    515 |    482 |     33 |    251 |    139 |   1 |  515.0 |
  Orcish Mines |     89 |     89 |      0 |      0 |      0 |   1 |   89.0 |
               +--------+--------+--------+--------+--------+-----+--------+

Top non-repeatable levels by time:
     D:9: 2014 daAuts
     D:5: 1396 daAuts
     D:6: 1269 daAuts
     D:8: 1234 daAuts
    D:10: 1182 daAuts
     D:4: 1068 daAuts
    D:12: 845 daAuts
     D:1: 805 daAuts
     D:2: 726 daAuts
    D:11: 635 daAuts
  Lair:1: 515 daAuts
     D:3: 463 daAuts
     D:7: 141 daAuts
   Orc:1: 89 daAuts
  Temple: 54 daAuts
